 Dungeon Crawl Stone Soup version 0.24.0-13-gcf9b319 (webtiles) character file.

Game seed: 13773244496888556556, levelgen mode: deterministic

1426 Arex the Covert (level 8, -7/50 HPs)
             Began as a Vampire Monk on Dec 10, 2019.
             Was a Priest of Ru.
             Splashed by an orc's acid (11 damage)
             ... on level 9 of the Dungeon.
             The game lasted 00:13:39 (7383 turns).

Arex the Covert (Vampire Monk)                      Turns: 7383, Time: 00:13:39

Health: -7/50      AC:  0    Str: 12    XL:     8   Next: 44%
Magic:  8/8        EV: 26    Int: 13    God:    Ru [***...]
Gold:   261        SH:  0    Dex: 21    Spells: 7/7 levels left

rFire    . . .     SeeInvis +     - Unarmed
rCold    + + .     Gourm    .   (shield unavailable)
rNeg     + + +     Faith    .   (armour currently unavailable)
rPois    ∞         Spirit   .   (helmet currently unavailable)
rElec    .         Reflect  .   (cloak currently unavailable)
rCorr    .         Harm     .   (gloves currently unavailable)
MR       .....                  (boots currently unavailable)
Stlth    ++++++....             (no amulet)
HPRegen  0.00/turn              (ring unavailable)
MPRegen  0.11/turn              (ring currently unavailable)

@: bat-form, flying, bloodless, regenerating quickly, very quick
A: tiny, no food, fangs 3, see invisible, missing a hand, no charms magic, no
fire magic, no hexes magic
a: Revivify, End Transformation, Draw Out Power, Renounce Religion


You were on level 9 of the Dungeon.
You worshipped Ru.
Ru was most pleased with you.
You were bloodless.
You were in vampire-bat-form.
You visited 1 branch of the dungeon, and saw 9 of its levels.

You collected 381 gold pieces.
You spent 120 gold pieces at shops.

Inventory:

Armour
 a - a +0 robe (melded)
Wands
 o - a wand of iceblast (12)
 v - a wand of clouds (6)
Scrolls
 b - 4 scrolls of amnesia
 e - a scroll of blinking
 g - a scroll of immolation {unknown}
 i - 2 scrolls of fog {unknown}
 j - 2 scrolls of enchant armour {unknown}
 l - 2 scrolls of remove curse {unknown}
 r - 2 scrolls of noise {unknown}
 s - a scroll of teleportation {unknown}
 t - 2 scrolls of fear
 w - a scroll of identify
Potions
 c - a potion of agility
 d - 7 potions of curing
 f - a potion of magic
 h - 2 potions of berserk rage {unknown}
 m - 2 potions of brilliance {unknown}
 n - 3 potions of heal wounds
 p - a potion of resistance {unknown}
 q - a potion of cancellation {unknown}
 u - a potion of lignification {unknown}


   Skills:
 + Level 5.4 Fighting
 + Level 6.5 Dodging
 + Level 8.7 Stealth
 + Level 6.6 Unarmed Combat


You had 7 spell levels left.
You didn't know any spells.
Your spell library contained the following spells:

 Spells                   Type           Power        Failure   Level  Hunger
 Animate Skeleton         Necr           N/A          30%         1    N/A
 Pain                     Necr           #...         30%         1    N/A
 Vampiric Draining        Necr           #.........   67%         3    N/A
 Animate Dead             Necr           N/A          97%         4    N/A
 Regeneration             Chrm/Necr      Unusable     N/A         3    N/A

Dungeon Overview and Level Annotations

Branches:
Dungeon (10/15)            Temple (0/1) D:6             Orc (0/2) D:10
   Lair: D:8-11

Altars:
Hepliaklqana
Kikubaaqudgha
Ru
Wu Jian
Yredelemnul
Beogh

Shops:
D:4 !   D:5 [

Annotations:
D:3 exclusion: centaur
D:6 2 transporters, Menkaure


Innate Abilities, Weirdness & Mutations

You do not eat.
You do not regenerate when monsters are visible.
You are frail without blood (-20% HP).
You can heal yourself when you bite living creatures.
You are immune to poison.
You have razor-sharp teeth.
You have supernaturally acute eyesight. (SInv)
((You can survive without breathing.))
You are missing a hand.
You cannot study or cast Charms magic.
You cannot study or cast Fire magic.
You cannot study or cast Hexes magic.


Message History

An orc comes into view.
It is wielding a +0 club and carrying a wand of acid (8).
The orc misses you.
You are too injured to fight recklessly!
You are too injured to fight recklessly!
You are too injured to fight recklessly!
You are too injured to fight recklessly!
You are too injured to fight recklessly!
Unknown command.
As you read the scroll of magic mapping, it crumbles to dust.
You feel aware of your surroundings.
You sensed 4 altars.
The orc completely misses you. The orc misses you. The orc hits you.
The orc closely misses you.
Found 13 gold pieces.
Things that are here:
a +0 dagger; a cursed +0 robe; an orc corpse An orc comes into view.
The orc zaps a wand.
The bolt of acid hits you!!
* * * LOW HITPOINT WARNING * * *
You are splashed with acid!
You die...

##.......,...,,,**,,>,,,
#>.......o..$.,,*,,,,,**
#.#######......,,,,,,,*
##.###†....#.#..,,,*,,,*
#.)##...o##(..#.*,,*,,,*
#...............*,,,,,,*
#.##.o)o........*,**,,,*
##*#.o..........,,**,,,*
*****#....b.......****,,,**
*,................*,,,,,,,,
*,.....#...##....#****,,,,,
*......#####*###.#****,,,,*
*.......,,,,,,,,,.,,,,,,*,,
*......*********,****,*,,,,
*******,...,,* ***,*
*,,*,,,, *,,,,,,,,,,,,***
*,,,* *,*,,***
*,**********,,,** *,***
*,*,** *


You could see 4 orcs.

Vanquished Creatures
  Grinder (D:3)
  2 ice beasts (D:6)
  An ogre (D:6)
  A phantom (D:6)
  2 centaurs
  2 bullfrogs
  A scorpion (D:4)
  A crimson imp (D:5)
  3 orc wizards
  An orc priest (D:6)
  2 hounds
  A bullfrog skeleton (D:7)
  Jessica (D:3)
  An iguana (D:6)
  3 worker ants
  2 hound zombies
  3 gnolls (D:4)
  6 adders
  A shadow imp (D:6)
  An adder skeleton (D:7)
  An adder zombie (D:9)
  3 worms
  4 dart slugs
  2 leopard geckos
  13 orcs
  A ball python (D:3)
  3 bats (D:2)
  3 giant cockroaches
  5 goblins (D:2)
  9 hobgoblins
  5 jackals
  3 quokkas
  6 frilled lizards
  13 kobolds
  12 rats
119 creatures vanquished.

Notes
Turn   | Place    | Note
-------+----------+-------------------------------------------
     0 | D:1      | Arex the Vampire Monk began the quest for the Orb.
     0 | D:1      | Reached XP level 1. HP: 17/17 MP: 1/1
   124 | D:1      | Reached XP level 2. HP: 22/23 MP: 2/2
   577 | D:1      | Reached XP level 3. HP: 29/29 MP: 3/3
   800 | D:2      | Reached skill level 4 in Stealth
  1104 | D:2      | Found a hazy altar of Hepliaklqana.
  1335 | D:2      | Reached XP level 4. HP: 25/28 MP: 4/4
  1710 | D:3      | Noticed a centaur
  1819 | D:3      | Found an ornate altar of the Wu Jian Council.
  1853 | D:3      | Noticed Grinder
  1856 | D:3      | Noticed Jessica
  1857 | D:3      | Paralysed by Grinder for 2 turns
  3041 | D:4      | Reached XP level 5. HP: 29/32 MP: 5/5
  3055 | D:4      | Reached skill level 5 in Stealth
  3264 | D:4      | Found Bamuixza's Distillery.
  3278 | D:4      | Bought a potion of degeneration for 12 gold pieces
  3278 | D:4      | Bought a potion of might for 48 gold pieces
  3278 | D:4      | Bought a potion of heal wounds for 60 gold pieces
  3731 | D:4      | Got a faintly glowing silver ring
  4248 | D:3      | Found a sacrificial altar of Ru.
  4345 | D:3      | Killed a centaur
  4345 | D:3      | Reached XP level 6. HP: 37/38 MP: 6/6
  4387 | D:3      | Killed Jessica
  4495 | D:3      | Became a worshipper of Ru the Awakened
  4503 | D:3      | Gained mutation: You are missing a hand. [Ru sacrifice]
  4503 | D:3      | Reached * piety under Ru
  4503 | D:3      | Reached ** piety under Ru
  4531 | D:3      | Killed Grinder
  4531 | D:3      | Reached skill level 5 in Dodging
  4531 | D:3      | Reached skill level 6 in Stealth
  4531 | D:3      | Reached skill level 5 in Unarmed Combat
  4531 | D:3      | Reached XP level 7. HP: 11/43 MP: 7/7
  4930 | D:5      | Entered Level 5 of the Dungeon
  5134 | D:5      | Found Exeanank's Armour Shop.
  5526 | D:6      | Reached skill level 7 in Stealth
  5816 | D:6      | Noticed a vampire
  5823 | D:6      | Found an ancient bone altar of Kikubaaqudgha.
  6083 | D:6      | Found a transporter.
  6108 | D:6      | Noticed a wraith
  6109 | D:6      | Found a transporter.
  6109 | D:6      | Found a basalt altar of Yredelemnul.
  6113 | D:6      | Noticed Menkaure
  6181 | D:6      | Reached skill level 5 in Fighting
  6181 | D:6      | Reached XP level 8. HP: 23/49 MP: 8/8
  6643 | D:6      | Found a staircase to the Ecumenical Temple.
  6697 | D:6      | Reached skill level 8 in Stealth
  7305 | D:7      | You are sucked into a shaft and drop 3 floors!
  7305 | D:10     | Entered Level 10 of the Dungeon
  7327 | D:10     | Gained mutation: You cannot study or cast Fire magic. [Ru
                  | sacrifice]
  7327 | D:10     | Gained mutation: You cannot study or cast Hexes magic. [Ru
                  | sacrifice]
  7327 | D:10     | Gained mutation: You cannot study or cast Charms magic. [Ru
                  | sacrifice]
  7327 | D:10     | Reached *** piety under Ru
  7336 | D:10     | Found a roughly hewn altar of Beogh.
  7336 | D:10     | Found a staircase to the Orcish Mines.
  7383 | D:9      | Splashed by an orc's acid

Levels and vault maps discovered:
D:1:      dpeg_arrival_rhombi, layout_basic, minmay_unequal
D:2:      layout_basic, nicolae_overflow_crystal_walls, minmay_cupped
D:3:      layout_basic, nicolae_ru_the_path_less_chosen, lemuel_doored_altar,
          first_ration, nrook_campfire, uniq_grinder, uniq_jessica
D:4:      layout_basic, serial_shops,
          nicolae_shop_temple_entry_statues_fountains
D:5:      layout_loops_ring, serial_shops, shop
D:6:      layout_loops_ring, gammafunk_temple_of_torment,
          minmay_temple_entry_mist
D:7:      layout_basic
D:9:      layout_rooms, old_standard_altar, kennysheep_mini_moat,
          vehumet_statue, basic_altar
D:10:     layout_irregular_city, david_orc_5

Skill      XL: |  1  2  3  4  5  6  7  8 |
---------------+-------------------------+-----
Fighting       | 3 4 5 |  5.4
Stealth        | 4 5 6 7 8 |  8.7
Unarmed Combat | 4 5 6 |  6.6
Dodging        | 4 5 6 |  6.5

Action                   |  1- 3 |  4- 6 |  7- 9 || total
-------------------------+-------+-------+-------++-------
Melee: Unarmed           |   165 |   232 |   251 ||   648
       Bite              |    21 |    35 |    42 ||    98
       Punch             |     1 |       |       ||     1
Invok: Sacrifice a Hand  |       |     1 |       ||     1
       Sacrifice Arcana  |       |       |     1 ||     1
 Abil: Bat Form          |     1 |       |       ||     1
       Exsanguinate      |     1 |       |       ||     1
  Use: Scroll            |     3 |     3 |     3 ||     9
       Potion            |       |     1 |       ||     1
 Stab: Sleeping          |    10 |    12 |    15 ||    37
       Distracted        |       |       |     3 ||     3
       Invisible         |       |       |     1 ||     1
Armor: Robe              |     5 |       |       ||     5
Dodge: Dodged            |   134 |   175 |   207 ||   516
